 Dungeon Crawl Stone Soup version 0.23.2-30-g0e89c35649 (webtiles) character file.

Game seed: 16933450587116690656

455 mahrnol the Sneak (level 7, 0/44 HPs)
             Began as a Halfling Assassin on June 15, 2019.
             Slain by a worker ant (2 damage)
             ... on level 3 of the Dungeon.
             The game lasted 00:36:03 (4657 turns).

mahrnol the Sneak (Halfling Assassin)               Turns: 4657, Time: 00:36:03

Health: 0/44       AC:  3    Str: 12    XL:     7   Next: 26%
Magic:  7/7        EV: 16    Int:  9    God:
Gold:   164        SH:  0    Dex: 18    Spells: 6/6 levels left

rFire    . . .     SeeInvis .   v - +1 dagger (chaos)
rCold    . . .     Gourm    .   (shield restricted)
rNeg     . . .     Faith    .   c - +0 robe
rPois    .         Spirit   .   (no helmet)
rElec    .         Reflect  .   d - +0 cloak
rCorr    .         Harm     .   (no gloves)
MR       .....                  (no boots)
Stlth    ++++......             (no amulet)
HPRegen  0.14/turn              (no ring)
MPRegen  0.10/turn              (no ring)

@: lethally poisoned (0 -> -2), lightly drained
A: small, mutation resistance 1
a: no special abilities


You were on level 3 of the Dungeon.
You were not hungry.

You visited 1 branch of the dungeon, and saw 4 of its levels.

You collected 164 gold pieces.

Inventory:

Hand Weapons
 a - a +2 dagger
 b - a +0 blowgun
 v - a +1 dagger of chaos (weapon)
Missiles
 e - 3 poisoned needles
 f - 2 curare-tipped needles
 r - 31 sling bullets
Armour
 c - a +0 robe (worn)
 d - a +0 cloak (worn)
Jewellery
 o - a cursed amulet of inaccuracy {unknown}
Wands
 m - a wand of disintegration (10)
 y - a wand of digging (3)
Scrolls
 j - 2 scrolls of enchant armour {unknown}
 n - a scroll of teleportation {unknown}
 p - a scroll of blinking {unknown}
 q - 3 scrolls of identify {unknown}
 s - a scroll of fear {unknown}
 t - a scroll of immolation {unknown}
Potions
 h - a potion of might {unknown}
 i - a potion of berserk rage {unknown}
 k - a potion of haste {unknown}
 l - a potion of brilliance {unknown}
 u - a potion of mutation {unknown}
 w - a potion of lignification {unknown}
 x - a potion of flight {unknown}
Comestibles
 g - 9 rations


   Skills:
 - Level 1.7(1.6) Fighting
 + Level 5.4(5.3) Short Blades
 + Level 2.1(2.0) Throwing
 + Level 3.2(3.1) Dodging
 * Level 7.3(7.2) Stealth


You had 6 spell levels left.
You didn't know any spells.
Your spell library contained the following spells:

 Spells                   Type           Power        Failure   Level  Hunger
 Corona                   Hex            #......      38%         1    ##.....
 Ensorcelled Hibernation  Hex/Ice        #.....       52%         2    ###....
 Confuse                  Hex            #.......     77%         3    ####...
 Dazzling Spray           Conj/Hex       #.....       77%         3    ####...
 Tukima's Dance           Hex            #.......     77%         3    ####...


Dungeon Overview and Level Annotations

Branches:
Dungeon (4/15)
 Temple: D:4-7

Altars:
Hepliaklqana
Xom


Innate Abilities, Weirdness & Mutations

You are small and have problems with some larger weapons.
You are somewhat resistant to further mutation.


Message History

You are too injured to fight recklessly!
You are too injured to fight recklessly!
You are too injured to fight recklessly!
You are too injured to fight recklessly!
You are too injured to fight recklessly!
You barely miss the worker ant. The worker ant completely misses you.
You barely miss the worker ant. The worker ant bites you.
* * * LOW HITPOINT WARNING * * *
You are poisoned.
The worker ant poisons you!
You hit the worker ant.
The worker ant flickers and vanishes!
Deactivating autopickup; reactivate with Ctrl-A.
You feel sick. Something barely misses you.
You hit something. You hit something but do no damage. Something bites you.
* * * LOW HITPOINT WARNING * * *
You hit something but do no damage.
* * * LOW HITPOINT WARNING * * *
You feel sick. Something bites you.
You die...

##.....### ##...## ##.## ##
##........###.....## ##...## #
#.........##.......## ###.....# #
##........#.........###.......###
#........'.....)...'...........#
#.#...##.#.........###......####
#..#..##.##.......## #........#
#.#.#.##.###....{## #.######.#
#........# ##..@## #.# #รท#
#####.#### ##'## #.#### #.# #.#
#.# #....# #.## #.########.#
#.##.# #.#. #.......##.##
#.##.###.#. #.#####.#...###
#........#. #.##..........#
####.#####.
#....##.#...#.#######.# #.
#.#####.##.##.........# #.


There were no monsters in sight!

Vanquished Creatures
  An ogre (D:4)
  4 crimson imps (D:3)
  Crazy Yiuf (D:3)
  A worker ant (D:4)
  3 gnolls (D:3)
  4 adders
  An ooze (D:1)
  2 worms (D:2)
  4 dart slugs
  4 leopard geckos
  4 orcs (D:3)
  A bat zombie (D:1)
  3 giant cockroaches
  7 goblins
  9 hobgoblins
  11 jackals
  A ball python (D:3)
  9 bats
  5 frilled lizards
  A giant cockroach zombie (D:1)
  8 kobolds
  11 rats
95 creatures vanquished.

Vanquished Creatures (others)
  3 fungi (D:3)
3 creatures vanquished.

Grand Total: 98 creatures vanquished

Notes
Turn   | Place    | Note
-------+----------+-------------------------------------------
     0 | D:1      | mahrnol the Halfling Assassin began the quest for the Orb.
     0 | D:1      | Reached XP level 1. HP: 14/14 MP: 1/1
   302 | D:1      | Reached XP level 2. HP: 13/19 MP: 2/2
   452 | D:1      | Reached skill level 5 in Stealth
   590 | D:1      | Reached XP level 3. HP: 23/24 MP: 3/3
  1354 | D:2      | Found a hazy altar of Hepliaklqana.
  1469 | D:2      | Reached XP level 4. HP: 28/29 MP: 4/4
  2105 | D:2      | Reached XP level 5. HP: 21/34 MP: 5/5
  2371 | D:2      | Reached skill level 6 in Stealth
  2924 | D:3      | Found a shimmering altar of Xom.
  3014 | D:3      | HP: 1/34 [crimson imp (3)]
  3029 | D:3      | HP: 1/34 [crimson imp (2)]
  3458 | D:3      | Reached XP level 6. HP: 26/39 MP: 6/6
  3561 | D:3      | HP: 1/39 [poisoned by a crimson imp]
  4015 | D:3      | Found a runed translucent door.
  4016 | D:3      | Noticed Crazy Yiuf
  4026 | D:3      | Killed Crazy Yiuf
  4026 | D:3      | Reached skill level 5 in Short Blades
  4550 | D:4      | Reached skill level 7 in Stealth
  4550 | D:4      | Reached XP level 7. HP: 44/44 MP: 7/7
  4657 | D:3      | HP: 2/44 [poisoned by a worker ant]
  4657 | D:3      | Slain by a worker ant

Skill      XL: |  1  2  3  4  5  6 |
---------------+-------------------+-----
Stealth        | 5 6 7 |  7.3
Short Blades   | 3 4 5 |  5.4
Dodging        | 2 3 |  3.2
Fighting       | |  1.7
Throwing       | |  2.1

Action                   |  1- 3 |  4- 6 |  7- 9 || total
-------------------------+-------+-------+-------++-------
Melee: Dagger            |   123 |   307 |    32 ||   462
 Fire: Blowgun           |     1 |     3 |     3 ||     7
 Stab: Sleeping          |     8 |    13 |       ||    21
       Distracted        |     2 |       |       ||     2
       Confused          |       |     1 |       ||     1
  Eat: Chunk             |     2 |    10 |       ||    12
Armor: Robe              |    22 |    34 |     8 ||    64
Dodge: Dodged            |    93 |   161 |    18 ||   272
